 Dungeon Crawl Stone Soup version 0.13.1-20-gf50ca03 (webtiles) character file.

182 Kae the Ruffian (level 4, -8/35 HPs)
             Began as a Draconian Transmuter on Dec 30, 2013.
             Mangled by a kobold
             ... wielding a +0,+1 whip of electrocution
              (22 damage)
             ... on Level 4 of the Dungeon.
             The game lasted 00:03:22 (2118 turns).

Kae the Ruffian (Draconian Transmuter)              Turns: 2118, Time: 00:03:22

HP  -8/35        AC  7     Str 13      XL: 4   Next: 19%
MP   6/6         EV 12     Int 14      God:
Gold 101         SH  0     Dex 11      Spells:  2 memorised,  4 levels left

Res.Fire  : . . .   See Invis. : .     - Unarmed
Res.Cold  : . . .   Warding    : .   (armour unavailable)
Life Prot.: . . .   Conserve   : .   (no shield)
Res.Poison: .       Res.Corr.  : .   (helmet restricted)
Res.Elec. : .       Clarity    : .   (no cloak)
Sust.Abil.: . .     Spirit.Shd : .   c - +0 pair of gauntlets
Res.Mut.  : .       Stasis     : .   o - +0 pair of boots
Res.Rott. : .       Flight     : .   (no amulet)
Saprovore : . . .                    (no ring)
                                     (no ring)

@: slightly resistant to hostile enchantments, unstealthy
A: unfitting armour, AC +5
a: no special abilities


You were on level 4 of the Dungeon.
You were not hungry.

You visited 1 branch of the dungeon, and saw 4 of its levels.

You collected 81 gold pieces.

Inventory:

Missiles
 b - 25 arrows
Armour
 c - a +0 pair of gauntlets (worn)
 o - a +0 pair of boots (worn)
Comestibles
 a - 4 bread rations
 i - 2 meat rations
 j - an orange
Scrolls
 e - a scroll of enchant armour {unknown}
 f - 2 scrolls of teleportation {unknown}
 g - a scroll of noise {unknown}
 h - a scroll of identify {unknown}
 k - a scroll of enchant weapon I {unknown}
 n - a scroll of enchant weapon II {unknown}
 q - a scroll of fear {unknown}
 s - a scroll of curse armour {unknown}
Potions
 l - a potion of brilliance {unknown}
 m - a potion of heal wounds {unknown}
 p - a potion of might {unknown}
 r - a potion of confusion {unknown}
 t - a potion of curing {unknown}
 u - a potion of agility {unknown}
Books
 d - a book of Changes

   Spells                             Type                      Level
   *Beastly Appendage                 Transmutation                1
   *Sticks to Snakes                  Transmutation                2
   Spider Form                        Transmutation/Poison         3
   Ice Form                           Ice/Transmutation            4
   Blade Hands                        Transmutation                5


   Skills:
 - Level 1.1 Fighting
 - Level 1.7 Dodging
 + Level 4.2 Unarmed Combat
 - Level 2.0 Spellcasting
 + Level 3.4 Transmutations


You had 4 spell levels left.
You knew the following spells:

 Your Spells              Type           Power        Failure   Level  Hunger
a - Beastly Appendage     Trmt           ##....       10%         1    ##.....
b - Sticks to Snakes      Trmt           ##........   12%         2    ###....


Dungeon Overview and Level Annotations

Branches:
Dungeon (4/27)
 Temple: D:4-7

Altars:


Message History

Unknown command.
Things that are here:
a dagger; a goblin corpse You start resting.
Eating a chunk of rat flesh.
This raw flesh tastes terrible.
You continue eating.
HP restored.
There is a stone staircase leading down here.
You climb downwards.
The kobold hits you but does no damage.
You are electrocuted!
The orc hits you with an orcish trident.
* * * LOW HITPOINT WARNING * * *
The orc hits you but does no damage. The kobold closely misses you.
There is a stone staircase leading up here.
Unknown command.
The orc hits you from afar with an orcish trident.
* * * LOW HITPOINT WARNING * * *
The kobold misses you. The kobold hits you but does no damage.
You are electrocuted!
Ouch! That really hurt!
You die...

.?.# .....## .......##
# ........... #.....
... #...?# #.# #...<#
#.# #.###...@###.####
... ........K.........
o...
..###..oK###.#####.....
#o<(................
#.###...<..##.......
#.. #....(.# .......
#.. ##.....(##.....#
#?..........(...#
#...##########.##


You could see 2 orcs and 2 kobolds.

Vanquished Creatures
  3 adders
  A gnoll (D:1)
  2 ball pythons
  4 bats
  3 giant cockroaches
  5 hobgoblins
  A quokka (D:2)
  A giant newt (D:3)
  7 goblins
  8 kobolds
  9 rats
44 creatures vanquished.

Vanquished Creatures (collateral kills)
  A giant gecko (D:1)
1 creature vanquished.

Grand Total: 45 creatures vanquished

Notes
Turn   | Place    | Note
--------------------------------------------------------------
     0 | D:1      | Kae, the Draconian Transmuter, began the quest for the Orb.
     0 | D:1      | Reached XP level 1. HP: 16/16 MP: 1/1
   188 | D:1      | Reached XP level 2. HP: 18/23 MP: 0/3
   260 | D:1      | Learned a level 2 spell: Sticks to Snakes
   745 | D:2      | Reached XP level 3. HP: 8/28 MP: 4/4
  1158 | D:2      | Reached skill level 4 in Unarmed Combat
  1609 | D:3      | Reached XP level 4. HP: 31/35 MP: 4/6
  2118 | D:4      | Mangled by a kobold

Action                   |  1- 3 |  4- 6 || total
-------------------------+-------+-------++-------
Melee: Unarmed           |   130 |    46 ||   176
 Cast: Beastly Appendage |     3 |       ||     3
       Sticks to Snakes  |     1 |       ||     1
  Use: Potion            |     2 |       ||     2
